 Dungeon Crawl Stone Soup version 0.28.0-43-g3370ac3207 (webtiles) character file.

Game seed: 8054010682365933694

377 bromine the Cudgeller (level 6, -6/53 HPs)
             Began as a Gnoll Berserker on Mar 5, 2022.
             Was a Believer of Trog.
             Mangled by Dowan
             ... wielding a +0 dagger
              (7 damage)
             ... on level 5 of the Dungeon on Mar 10, 2022.
             The game lasted 00:15:28 (6501 turns).

bromine the Cudgeller (Gnoll Berserker)             Turns: 6501, Time: 00:15:28

Health: -6/53      AC:  2    Str: 18    XL:     6   Next: 73%
Magic:  18/18      EV: 13    Int:  7    God:    Trog [**....]
Gold:   214        SH:  0    Dex: 11    Spells: 9/9 levels left

rFire   . . .      SeeInvis .   i - +0 long sword
rCold   . . .      Faith    .   (no shield)
rNeg    . . .      Spirit   .   b - +0 animal skin
rPois   .          Reflect  .   (no helmet)
rElec   .          Harm     .   (no cloak)
rCorr   .          Rampage  .   (no gloves)
Will    .....                   (no boots)
Stlth   ++........              (no amulet)
HPRegen 0.17/turn               e - ring of magical power
MPRegen 0.16/turn               (no ring)

@: on berserk cooldown, slowed, very slow
A: fangs 1, strong nose, distributed training
a: Renounce Religion, Berserk, Trog's Hand


You were on level 5 of the Dungeon.
You worshipped Trog.
Trog was pleased with you.
You visited 1 branch of the dungeon, and saw 5 of its levels.

You collected 214 gold pieces.

Inventory:

Hand Weapons
 a - a +0 mace
 i - a +0 long sword (weapon)
Armour
 b - a +0 animal skin (worn)
Jewellery
 e - a ring of magical power (left hand)
 k - a ring of protection from cold
Wands
 m - a wand of polymorph (9)
 q - a wand of iceblast (14)
Scrolls
 f - a scroll of silence
 l - 2 scrolls of teleportation {unknown}
 n - 2 scrolls of immolation {unknown}
 p - a scroll of blinking {unknown}
 r - a scroll of identify
Potions
 c - 3 potions of curing
 d - a potion of haste {unknown}
 g - a potion of invisibility
 h - a potion of flight
 j - a potion of heal wounds {unknown}
 o - a potion of ambrosia {unknown}


   Skills:
 + Level 6.9 Fighting
 + Level 2.1 Short Blades
 + Level 2.1 Long Blades
 + Level 2.1 Axes
 + Level 6.9 Maces & Flails
 + Level 2.1 Polearms
 + Level 2.1 Staves
 + Level 2.1 Slings
 + Level 2.1 Bows
 + Level 2.1 Crossbows
 + Level 2.1 Throwing
 + Level 5.0 Armour
 + Level 5.0 Dodging
 + Level 2.1 Stealth
 + Level 2.1 Shields
 + Level 2.1 Unarmed Combat
 + Level 2.1 Spellcasting
 + Level 1.6 Conjurations
 + Level 1.6 Hexes
 + Level 1.6 Summonings
 + Level 1.6 Necromancy
 + Level 1.6 Translocations
 + Level 1.6 Transmutations
 + Level 1.6 Fire Magic
 + Level 1.6 Ice Magic
 + Level 1.6 Air Magic
 + Level 1.6 Earth Magic
 + Level 1.6 Poison Magic
 + Level 2.3 Invocations
 + Level 2.1 Evocations


You had 9 spell levels left.
You didn't know any spells.
Your spell library was empty.

Dungeon Overview and Level Annotations

Branches:
Dungeon (5/15)             Temple (0/1) D:4

Altars:
Fedhas
Hepliaklqana
Kikubaaqudgha
Okawaru
Sif Muna
Trog
Yredelemnul

Annotations:
D:5 Dowan


Innate Abilities, Weirdness & Mutations

You have very sharp teeth.
Your uncanny sense of smell can sniff out nearby items.
Your experience applies equally to all skills.


Message History

You slash Duvessa! You bite Duvessa.
Duvessa is moderately wounded.
Duvessa barely misses you.
You hit Duvessa.
Duvessa is heavily wounded.
You slash Duvessa!
You kill Duvessa!
Trog accepts your kill.
Something screams, "No!
No!
NO!"
Your Short Blades skill increases to level 2!
Your Long Blades skill increases to level 2!
Your Axes skill increases to level 2!
Your Polearms skill increases to level 2!
Your Staves skill increases to level 2!
Your Slings skill increases to level 2!
Your Bows skill increases to level 2!
Your Crossbows skill increases to level 2!
Your Throwing skill increases to level 2!
Your Armour skill increases to level 5!
Your Dodging skill increases to level 5!
Your Stealth skill increases to level 2!
Your Shields skill increases to level 2!
Your Unarmed Combat skill increases to level 2!
Your Spellcasting skill increases to level 2!
Your Evocations skill increases to level 2!
You are no longer berserk.
You are exhausted.
You feel yourself slow down.
You start resting.
Something hits you. x2
There is a strange disturbance nearby!
There is a strange disturbance nearby!
You miss something. Something hits you.
You hear some strange, mumbled words.
You hear some strange, mumbled words.
A stone arrow appears from out of thin air!
The stone arrow hits you!
* * * LOW HITPOINT WARNING * * *
Something hits you.
* * * LOW HITPOINT WARNING * * *
Something hits you!
You die...

###. ##...######
#.........#
#.........#
#.........#
##....<....##
#.......)...###
#.#(......<...#
#....@..$#......
####.{.......###
#..######.)#
#...# #...
#...## ### #..##
... ∆ ###.


There were no monsters in sight!

Vanquished Creatures
  Duvessa (D:5)
  2 hounds
  A centaur skeleton (D:5)
  A bullfrog skeleton (D:3)
  5 adders
  An ufetubus (D:5)
  An adder skeleton (D:3)
  2 worms
  2 dart slugs
  2 ball pythons
  4 bats (D:1)
  13 endoplasms
  5 giant cockroaches
  12 goblins
  8 hobgoblins
  11 jackals
  5 quokkas
  A frilled lizard (D:1)
  8 kobolds
  6 rats
  2 bushes (D:2)
93 creatures vanquished.

Vanquished Creatures (others)
  A fungus (D:3)
  13 plants
14 creatures vanquished.

Grand Total: 107 creatures vanquished

Notes
Turn   | Place    | Note
-------+----------+-------------------------------------------
     0 | D:1      | bromine the Gnoll Berserker began the quest for the Orb.
     0 | D:1      | Reached XP level 1. HP: 23/23 MP: 1/1
   270 | D:1      | Reached XP level 2. HP: 29/29 MP: 2/2
   990 | D:1      | Reached XP level 3. HP: 30/35 MP: 3/3
  1555 | D:2      | Reached ** piety under Trog
  1621 | D:2      | Reached skill level 1 in Invocations
  1898 | D:2      | Reached skill level 1 in Short Blades
  1898 | D:2      | Reached skill level 1 in Long Blades
  1898 | D:2      | Reached skill level 1 in Axes
  1898 | D:2      | Reached skill level 1 in Polearms
  1898 | D:2      | Reached skill level 1 in Staves
  1898 | D:2      | Reached skill level 1 in Slings
  1898 | D:2      | Reached skill level 1 in Bows
  1898 | D:2      | Reached skill level 1 in Crossbows
  1898 | D:2      | Reached skill level 1 in Throwing
  1898 | D:2      | Reached skill level 1 in Stealth
  1898 | D:2      | Reached skill level 1 in Shields
  1898 | D:2      | Reached skill level 1 in Unarmed Combat
  1898 | D:2      | Reached skill level 1 in Spellcasting
  1898 | D:2      | Reached skill level 1 in Evocations
  1904 | D:2      | Reached XP level 4. HP: 30/41 MP: 5/5
  2772 | D:2      | Reached skill level 1 in Conjurations
  2772 | D:2      | Reached skill level 1 in Hexes
  2772 | D:2      | Reached skill level 1 in Summonings
  2772 | D:2      | Reached skill level 1 in Necromancy
  2772 | D:2      | Reached skill level 1 in Translocations
  2772 | D:2      | Reached skill level 1 in Transmutations
  2772 | D:2      | Reached skill level 1 in Fire Magic
  2772 | D:2      | Reached skill level 1 in Ice Magic
  2772 | D:2      | Reached skill level 1 in Air Magic
  2772 | D:2      | Reached skill level 1 in Earth Magic
  2772 | D:2      | Reached skill level 1 in Poison Magic
  3050 | D:3      | Found a faded altar of an unknown god.
  3453 | D:3      | Reached XP level 5. HP: 26/47 MP: 7/7
  4445 | D:3      | Found a blossoming altar of Fedhas.
  4780 | D:4      | Found a shimmering blue altar of Sif Muna.
  5030 | D:4      | Found a glowing drain.
  5284 | D:4      | Reached XP level 6. HP: 6/53 MP: 8/8
  5752 | D:4      | Found a staircase to the Ecumenical Temple.
  6385 | D:4      | Found a bloodstained altar of Trog.
  6385 | D:4      | Found a hazy altar of Hepliaklqana.
  6393 | D:4      | Found an ancient bone altar of Kikubaaqudgha.
  6395 | D:4      | Found a basalt altar of Yredelemnul.
  6397 | D:4      | Found an iron altar of Okawaru.
  6477 | D:5      | Entered Level 5 of the Dungeon
  6477 | D:5      | Noticed Duvessa
  6477 | D:5      | Noticed Dowan
  6495 | D:5      | Killed Duvessa
  6496 | D:5      | Reached skill level 5 in Armour
  6496 | D:5      | Reached skill level 5 in Dodging
  6501 | D:5      | HP: 1/53 [something (2)]
  6501 | D:5      | Mangled by Dowan

Illustrated notes

Levels and vault maps discovered:
D:1:      lightli_iron_boxes, layout_basic
D:2:      layout_loops_ring, serial_forest, infiniplex_forest_fountain,
          infiniplex_forest_lined_corner, infiniplex_forest_clump_long,
          infiniplex_forest_straight_4, infiniplex_forest_clump_small,
          infiniplex_forest_lined_2, infiniplex_forest_end_3,
          infiniplex_forest_end_3, infiniplex_forest_lined_4_way
D:3:      layout_basic, fedhas_altar_2, shapermc_ecumenical_altar_acropolis
D:4:      layout_basic, mainiacjoe_overflow_catwalk,
          chequers_temple_overflow_minitemple, temple_hall,
          cheibrodos_sewer_entry_bend
D:5:      layout_rooms, serial_shops, nicolae_shop_trees, uniq_duvessa,
          uniq_crazy_yiuf_cottage, uniq_prince_ribbit1

Skill      XL: |  1  2  3  4  5  6 |
---------------+-------------------+-----
Invocations    | 1 2 |  2.3
Short Blades   | 1 2 |  2.1
Long Blades    | 1 2 |  2.1
Axes           | 1 2 |  2.1
Polearms       | 1 2 |  2.1
Staves         | 1 2 |  2.1
Slings         | 1 2 |  2.1
Bows           | 1 2 |  2.1
Crossbows      | 1 2 |  2.1
Throwing       | 1 2 |  2.1
Stealth        | 1 2 |  2.1
Shields        | 1 2 |  2.1
Unarmed Combat | 1 2 |  2.1
Spellcasting   | 1 2 |  2.1
Evocations     | 1 2 |  2.1
Conjurations   | 1 |  1.6
Hexes          | 1 |  1.6
Summonings     | 1 |  1.6
Necromancy     | 1 |  1.6
Translocations | 1 |  1.6
Transmutations | 1 |  1.6
Fire Magic     | 1 |  1.6
Ice Magic      | 1 |  1.6
Air Magic      | 1 |  1.6
Earth Magic    | 1 |  1.6
Poison Magic   | 1 |  1.6
Armour         | 5 |  5.0
Dodging        | 5 |  5.0
Fighting       | |  6.9
Maces & Flails | |  6.9

Action                   |  1- 3 |  4- 6 || total
-------------------------+-------+-------++-------
Melee: Mace              |    48 |       ||    48
       Bite              |     1 |    43 ||    44
       Long sword        |    39 |   317 ||   356
       Punch             |       |    10 ||    10
Invok: Berserk           |     1 |     1 ||     2
  Use: Scroll            |     1 |     2 ||     3
 Stab: Sleeping          |       |     3 ||     3
Armor: Animal skin       |    27 |    38 ||    65
Dodge: Dodged            |   107 |   155 ||   262
